 Dungeon Crawl Stone Soup version 0.28.0-45-g0d030f2227 (webtiles) character file.

Game seed: 9376642942419055868

68487 thiscave3701365 the Severer (level 15, -6/147 HPs)
             Began as a Hill Orc Berserker on Apr 13, 2022.
             Was a High Priest of Trog.
             Mangled by an orc warrior
             ... wielding a +0 scimitar
              (18 damage)
             ... on level 2 of the Orcish Mines.
             The game lasted 00:38:37 (26326 turns).

thiscave3701365 the Severer (Hill Orc Berserker)   Turns: 26326, Time: 00:38:38

Health: -6/147     AC: 33    Str: 34    XL:     15   Next: 26%
Magic:  15/15      EV: 13    Int:  7    God:    Trog [*****.]
Gold:   2257       SH:  5    Dex: 10    Spells: 14/14 levels left

rFire   . . .      SeeInvis +   L - +6 battleaxe (vorpal)
rCold   . . .      Faith    .   (shield currently unavailable)
rNeg    . . .      Spirit   .   o - +5 plate armour
rPois   .          Reflect  +   l - +0 helmet
rElec   .          Harm     .   e - +2 cloak of the Thief {*Fog Slay-2 SInv Stlth+}
rCorr   .          Rampage  .   S - +2 pair of gloves
Will    +....                   K - +2 pair of boots {Stlth+}
Stlth   ..........              w - amulet of reflection
HPRegen 0.34/turn               k - +6 ring of strength
MPRegen 0.14/turn               I - +4 ring of evasion

@: about to teleport, on berserk cooldown, slowed, studying Axes, very slow
A: no striking features
a: Renounce Religion, Convert to Beogh, Berserk, Trog's Hand, Brothers in Arms


You were on level 2 of the Orcish Mines.
You worshipped Trog.
Trog was extremely pleased with you.
You visited 3 branches of the dungeon, and saw 21 of its levels.
You also visited: Ossuary.

You collected 2257 gold pieces.

Inventory:

Hand Weapons
 L - a +6 vorpal battleaxe (weapon)
 T - a +2 great mace of holy wrath
Missiles
 D - 2 throwing nets
Armour
 c - a +0 kite shield
 e - the +2 cloak of the Thief (worn) {*Fog Slay-2 SInv Stlth+}
   (You acquired it on level 7 of the Dungeon)

   It may release a thick cloud of smoke when the wearer is hurt.
   Slay:      It affects your accuracy & damage with ranged weapons and melee
   (-2).
   SInv:      It lets you see invisible.
   Stlth:     It makes you more stealthy.
 l - a +0 helmet (worn)
 o - a +5 plate armour (worn)
 K - a +2 pair of boots of stealth (worn)
 S - a +2 pair of gloves (worn)
Jewellery
 a - a ring of magical power
 f - a ring of poison resistance
 k - a +6 ring of strength (left hand)
 v - an amulet of the acrobat
 w - an amulet of reflection (around neck)
 y - a +6 ring of strength
 A - a ring of fire
 I - a +4 ring of evasion (right hand)
 N - a ring of willpower
 P - a +6 ring of strength
 V - the ring of Xinom {rF+ rN+ Str+7}
   (You found it on level 12 of the Dungeon)

   [ring of protection from fire]

   Str:       It affects your strength (+7).
   rF:        It protects you from fire.
   rN:        It protects you from negative energy.
Wands
 n - a wand of digging (9)
 p - a wand of paralysis (10)
 r - a wand of charming (2)
 u - a wand of acid (5)
 B - a wand of iceblast (6)
 C - a wand of flame (21)
 Q - a wand of mindburst (8)
Scrolls
 h - 5 scrolls of teleportation
 s - 4 scrolls of vulnerability
 z - 3 scrolls of holy word
Potions
 b - 2 potions of might
 d - 7 potions of lignification
 g - 2 potions of cancellation
 i - 7 potions of invisibility
 j - 4 potions of heal wounds
 m - 5 potions of attraction
 q - 6 potions of haste
 t - 5 potions of resistance
 x - a potion of ambrosia
 E - 3 potions of berserk rage
 F - 8 potions of curing
 G - 2 potions of degeneration
 H - a potion of magic {unknown}
 J - a potion of flight {unknown}
 O - a potion of mutation {unknown}
 R - 4 potions of brilliance


   Skills:
 + Level 17.6 Fighting
 + Level 20.8 Axes
 + Level 13.8 Armour
 + Level 3.3 Dodging
 + Level 3.0 Stealth
 + Level 9.3 Shields


You had 14 spell levels left.
You didn't know any spells.
Your spell library was empty.

Dungeon Overview and Level Annotations

Branches:
Dungeon (13/15)            Temple (0/1) D:5            Lair (6/6) D:10
  Swamp (0/4) Lair:4       Spider (0/4) Lair:2        Slime (0/5) Lair:6
    Orc (2/2) D:11            Elf (0/3) Orc:2       Ossuary (visited)
 Vaults: D:13-14

Altars:
Ashenzari
Cheibriados
Elyvilon
Fedhas
Gozag
Makhleb
Qazlal
Sif Muna
Uskayaw
Vehumet
Wu Jian
Yredelemnul
Zin
The Shining One
Jiyva
Lugonu

Shops:
D:4 !   D:8 [   D:12 **!*

Portals:
Abyss: Lair:6
Trove: D:11 (give 6 scrolls of fear)

Annotations:
Orc:2 1 runed translucent door, dualclasshuman's ghost, journeyman DjFE


Message History

You hit the orc knight but do no damage.
The orc knight is moderately wounded.
You hit the orc warrior.
The orc knight hits you with a +4 dire flail!!
* * * LOW HITPOINT WARNING * * *
With a swish of your cloak, you release a cloud of fog.
The orc knight hits you from afar with a +0 halberd!
* * * LOW HITPOINT WARNING * * *
The hellwing swoops through the air toward you!
The hellwing closely misses you. x2
You are too berserk!
You are too berserk!
The orc warrior hits you but does no damage.
The orc knight unwields a +4 dire flail.
The orc knight wields a +0 arbalest.
The orc knight shoots a bolt.
The bolt misses you.
You feel a strong urge to attack something.
You are no longer berserk.
You are exhausted.
You feel yourself slow down.
The orc warrior no longer looks unusually strong.
You block the hellwing's attack. x2
The orc warrior closely misses you.
As you read the scroll of teleportation, it crumbles to dust.
You feel strangely unstable. The hellwing hits you.
* * * LOW HITPOINT WARNING * * *
The hellwing hits you but does no damage.
The orc warrior hits you but does no damage.
The orc warrior barely misses you. The hellwing hits you.
* * * LOW HITPOINT WARNING * * *
The hellwing barely misses you.
You feel much better.
The orc warrior hits you but does no damage.
The orc knight roars a battlecry!
The orcs go into a battle-frenzy!
The hellwing hits you but does no damage. x2
The orc warrior hits you with a +0 long sword!
* * * LOW HITPOINT WARNING * * *
The orc warrior hits you with a +0 scimitar!!
You die...

####..###....####...
##.#....#......#.....
#.......#............
##....................
##...............#.....
#....#.#...............
##......................
#....§.§#...............
#......@o.§.............
##....§4o4§.............
#....§#oo§o§§..........
##...#§§§o§§...........
####.§§o§§§...........
#..§§§o§§...........
##.§..§o§o..........
##§....o.4.........
##......o4........


You could see 2 orc knights, an orange demon (summoned), a hellwing (summoned),
2 orc warriors and an orc priest (strong).

Vanquished Creatures
  An orc warlord (Orc:2)
  2 hydras (Lair:4)
  A catoblepas (Lair:3)
  3 boulder beetles
  2 centaur warriors
  2 two-headed ogres (D:9)
  The ghost of Kazon the Fighter, a journeyman VSFi of Makhleb (Orc:1)
  4 death yaks (Lair:6)
  2 orc high priests (Orc:2)
  4 thrashing horrors (Lair:6)
  3 orc knights
  3 cyclopes
  2 ugly things
  The ghost of Zeld the Chiller, a novice MfIE of Vehumet (D:6)
  5 orc sorcerers (Orc:2)
  2 oklob plants
  A manticore (D:12)
  11 elephants
  Maurice (D:8)
  9 cane toads
  4 black mambas
  A gargoyle (D:11)
  3 smoke demons (Lair:6)
  Joseph (D:8)
  An unseen horror (D:10)
  3 rime drakes
  6 komodo dragons
  An ancient zyme (Lair:6)
  6 polar bears (Lair:4)
  8 trolls
  A large abomination (Lair:6)
  Prince Ribbit (D:8)
  22 blink frogs
  10 dream sheep
  A jumping spider (Lair:2)
  A wraith (D:12)
  A vampire (D:12)
  2 spriggans (Lair:6)
  4 shadows
  72 yaks
  2 fire elementals (D:9)
  2 fire bats (D:9)
  3 wyverns
  4 chaos spawn (Lair:6)
  5 vampire mosquitoes
  9 basilisks
  19 water moccasins
  17 orc warriors
  3 ice beasts
  2 sky beasts (D:8)
  7 black bears
  9 ogres
  7 small abominations (Lair:6)
  2 necrophages (D:7)
  2 centaurs
  12 wolves
  A phantom (D:7)
  3 kobold brigands
  10 bullfrogs
  A scorpion (D:4)
  3 gnoll sergeants
  A wyvern skeleton (D:5)
  11 killer bees
  2 troll zombies (D:11)
  13 wights
  3 electric eels
  4 howler monkeys
  A bullfrog zombie (D:6)
  A hound (D:4)
  6 centaur zombies
  A lava snake (D:12)
  A centaur skeleton (D:7)
  A gnoll shaman (D:6)
  13 orc priests
  8 iguanas
  23 orc wizards
  A scorpion zombie (D:5)
  2 killer bee zombies (D:6)
  9 ogre zombies
  7 mummies (Ossuary)
  2 howler monkey skeletons
  Robin (D:2)
  26 gnolls
  10 adders
  5 white imps
  An adder skeleton (D:4)
  3 adder zombies (Ossuary)
  3 worms
  A dart slug (D:3)
  58 orcs
  7 bats
  4 endoplasms
  7 giant cockroaches
  10 goblins
  5 hobgoblins
  A jackal (D:2)
  3 quokkas
  9 ball pythons
  3 goblin skeletons (D:11)
  4 goblin zombies
  A hobgoblin skeleton (D:11)
  6 hobgoblin zombies
  26 kobolds
  5 kobold zombies (Ossuary)
  3 orc skeletons (D:11)
  13 orc zombies (D:11)
  7 quokka zombies (Ossuary)
  4 rats
  5 rat zombies (Ossuary)
673 creatures vanquished.

Vanquished Creatures (others)
  A bush (Lair:3)
  40 fungi
  81 plants
  12 toadstools (Lair:1)
134 creatures vanquished.

Grand Total: 807 creatures vanquished

Notes
Turn   | Place    | Note
-------+----------+-------------------------------------------
     0 | D:1      | thiscave3701365 the Hill Orc Berserker began the quest for
                  | the Orb.
     0 | D:1      | Reached XP level 1. HP: 19/19 MP: 1/1
   591 | D:1      | Reached XP level 2. HP: 26/27 MP: 2/2
  1121 | D:2      | Reached XP level 3. HP: 29/33 MP: 3/3
  1201 | D:2      | Noticed Robin
  1211 | D:2      | Killed Robin
  1211 | D:2      | Reached ** piety under Trog
  1231 | D:2      | Reached skill level 5 in Axes
  1231 | D:2      | Reached XP level 4. HP: 17/41 MP: 4/4
  1254 | D:2      | Found a faded altar of an unknown god.
  2288 | D:3      | Reached XP level 5. HP: 33/47 MP: 5/5
  2289 | D:3      | Reached skill level 1 in Stealth
  2795 | D:3      | Reached skill level 5 in Fighting
  3381 | D:4      | Reached skill level 6 in Axes
  3401 | D:4      | Noticed an ogre
  3402 | D:4      | Reached XP level 6. HP: 56/56 MP: 6/6
  3636 | D:4      | Reached skill level 7 in Axes
  3638 | D:4      | Reached XP level 7. HP: 42/62 MP: 7/7
  3641 | D:4      | Reached *** piety under Trog
  3648 | D:4      | HP: 3/63 [poisoned by a killer bee]
  3650 | D:4      | HP: 1/63 [poisoned by a killer bee]
  4194 | D:4      | Reached skill level 8 in Axes
  4676 | D:4      | Found Feteptev's Distillery.
  4790 | D:5      | Entered Level 5 of the Dungeon
  4932 | D:5      | Found a staircase to the Ecumenical Temple.
  4956 | D:5      | Reached XP level 8. HP: 44/70 MP: 8/8
  5349 | D:5      | Reached skill level 9 in Axes
  5751 | D:5      | Found a glowing silver altar of Zin.
  5764 | D:5      | Found a stormy altar of Qazlal.
  6104 | D:6      | Found a runed translucent gate.
  6104 | D:6      | Found a runed translucent gate.
  6105 | D:6      | Found a runed translucent gate.
  6106 | D:6      | Found an opulent altar of Gozag.
  6107 | D:6      | Noticed a boulder beetle
  6107 | D:6      | Noticed Zeld's ghost (novice MfIE)
  6247 | D:6      | Reached skill level 1 in Shields
  6682 | D:6      | Reached skill level 10 in Axes
  6716 | D:6      | Found a radiant altar of Vehumet.
  6722 | D:6      | Reached skill level 5 in Armour
  6945 | D:6      | Found a glowing golden altar of the Shining One.
  7019 | D:6      | Reached XP level 9. HP: 81/81 MP: 9/9
  7461 | D:7      | Reached skill level 11 in Axes
  8646 | D:7      | Identified a scroll of acquirement
  8808 | D:7      | Acquired the +2 cloak of the Thief {*Fog Slay-2 SInv
                  | Stlth+}
  8808 | D:7      | Found the +2 cloak of the Thief {*Fog Slay-2 SInv Stlth+}
  8877 | D:8      | Reached skill level 12 in Axes
  8915 | D:8      | Found a snail-covered altar of Cheibriados.
  8980 | D:8      | Found a sand-covered staircase.
  9090 | D:8      | Noticed Joseph
  9107 | D:8      | Killed Joseph
  9168 | Ossuary  | Entered an ossuary
  9240 | Ossuary  | Reached **** piety under Trog
  9322 | Ossuary  | Reached XP level 10. HP: 89/89 MP: 10/10
  9775 | D:8      | Reached skill level 13 in Axes
  9808 | D:8      | Noticed Prince Ribbit
  9823 | D:8      | Killed Prince Ribbit
  9854 | D:8      | Found a burning altar of Makhleb.
 10274 | D:8      | Noticed Maurice
 10291 | D:8      | Killed Maurice
 10416 | D:8      | Found a white marble altar of Elyvilon.
 10416 | D:8      | Found a faded altar of an unknown god.
 10423 | D:8      | Found a broken altar of Ashenzari.
 10425 | D:8      | Found an opulent altar of Gozag.
 10427 | D:8      | Found a faded altar of an unknown god.
 10607 | D:8      | Found Ocwadur's Antique Armour Emporium.
 11204 | D:9      | Noticed a two-headed ogre
 11213 | D:9      | Killed a two-headed ogre
 11394 | D:9      | Found a transporter.
 11446 | D:9      | Reached skill level 14 in Axes
 11449 | D:9      | Noticed a two-headed ogre
 11452 | D:9      | Found an ornate altar of the Wu Jian Council.
 11462 | D:9      | Killed a two-headed ogre
 11463 | D:9      | Reached skill level 10 in Fighting
 11713 | D:9      | Found a transporter.
 11908 | D:10     | Entered Level 10 of the Dungeon
 12019 | D:10     | Reached XP level 11. HP: 100/100 MP: 11/11
 12079 | D:10     | Found a blossoming altar of Fedhas.
 12134 | D:10     | Noticed a centaur warrior
 12136 | D:10     | Noticed a cyclops
 12146 | D:10     | Killed a centaur warrior
 12147 | D:10     | Reached skill level 5 in Shields
 12161 | D:10     | Killed a cyclops
 12254 | D:10     | Found a shimmering blue altar of Sif Muna.
 12430 | D:10     | Found a staircase to the Lair.
 12431 | D:10     | Noticed a cyclops
 12439 | D:10     | Killed a cyclops
 12533 | D:10     | Found a basalt altar of Yredelemnul.
 13507 | D:11     | Reached skill level 10 in Armour
 13578 | D:11     | Found a staircase to the Orcish Mines.
 13622 | D:11     | Reached ***** piety under Trog
 13752 | D:11     | Noticed a boulder beetle
 13767 | D:11     | Killed a boulder beetle
 14429 | D:11     | Found a portal to a secret trove of treasure.
 14525 | Lair:1   | Entered Level 1 of the Lair of Beasts
 14546 | Lair:1   | Reached XP level 12. HP: 113/113 MP: 12/12
 15407 | Lair:1   | Found a blossoming altar of Fedhas.
 16352 | Lair:2   | Found a hole to the Spider Nest.
 16503 | Lair:2   | Reached skill level 15 in Axes
 17238 | Lair:3   | Reached XP level 13. HP: 125/125 MP: 13/13
 17569 | Lair:3   | Reached skill level 16 in Axes
 17610 | Lair:3   | Reached skill level 15 in Fighting
 18158 | Lair:4   | Found a staircase to the Swamp.
 18169 | Lair:4   | Received a gift from Trog
 18518 | Lair:4   | Reached skill level 17 in Axes
 19796 | Lair:5   | Reached skill level 18 in Axes
 19931 | Lair:5   | Reached XP level 14. HP: 130/135 MP: 14/14
 20480 | Lair:6   | Entered Level 6 of the Lair of Beasts
 20757 | Lair:6   | Reached skill level 19 in Axes
 20879 | Lair:6   | Found a radiant altar of Vehumet.
 21195 | Lair:6   | Found a viscous altar of Jiyva.
 21196 | Lair:6   | Found a staircase to the Slime Pits.
 22125 | Lair:6   | Found a corrupted altar of Lugonu.
 22125 | Lair:6   | Found a one-way gate to the infinite horrors of the Abyss.
 22644 | D:6      | Killed Zeld's ghost
 22875 | D:9      | Reached skill level 20 in Axes
 23178 | D:12     | Found Otokoerch's General Store.
 23179 | D:12     | Found Miseaxe's Assorted Antiques.
 23181 | D:12     | Found Vaptol's Assorted Antiques.
 23181 | D:12     | Found Rimiasmio's Distillery.
 23288 | D:12     | Identified the ring of Xinom {rF+ rN+ Str+7}
 23415 | D:12     | Found a hide-covered altar of Uskayaw.
 24304 | Orc:1    | Entered Level 1 of the Orcish Mines
 24678 | Orc:1    | Noticed Kazon's ghost (journeyman VSFi)
 24797 | Orc:1    | Found a runed translucent gate.
 24798 | Orc:1    | Found a runed translucent gate.
 24799 | Orc:1    | Found a runed translucent gate.
 25005 | Orc:1    | Received a gift from Trog
 25010 | Orc:1    | Killed Kazon's ghost
 25011 | Orc:1    | Reached XP level 15. HP: 147/147 MP: 15/15
 25546 | Orc:2    | Entered Level 2 of the Orcish Mines
 25740 | Orc:2    | Found a runed translucent door.
 25740 | Orc:2    | Noticed dualclasshuman's ghost (journeyman DjFE)
 26107 | Orc:2    | Found a staircase to the Elven Halls.
 26285 | Orc:2    | Noticed an orc warlord
 26297 | Orc:2    | Paralysed by an orc sorcerer for 2 turns
 26314 | Orc:2    | Received a gift from Trog
 26318 | Orc:2    | Killed an orc warlord
 26326 | Orc:2    | Mangled by an orc warrior

Illustrated notes

Levels and vault maps discovered:
D:1:      lightli_arrival_windingriver, layout_basic
D:2:      layout_basic, ebering_ecumenical_altar_webs, minmay_tetromino_t2,
          uniq_robin
D:3:      layout_loops_ring, minmay_diced_spiral
D:4:      minmay_diamond_boxcup, layout_basic, serial_shops,
          kennysheep_mini_moat, minmay_misc_feat_alley, minmay_hedge_maze
D:5:      layout_loops_ring, nicolae_qazlal_general_emergency,
          mainiacjoe_overflow_surrounded_room, minmay_temple_entry_offerings
D:6:      layout_basic, lemuel_doored_altar, old_standard_altar,
          ebering_ghost_gozag, amethyst_killhole
D:7:      layout_loops_corners
D:8:      hellmonk_crumbling_castle, layout_loops_ring, bloody_makhleb,
          chequers_temple_overflow_minitemple, amcnicky_altar_gilded,
          enter_bailey_2, serial_shops, nicolae_lakefront_shop,
          chequers_ossuary_entry_cave, kennysheep_small_square, uniq_maurice,
          uniq_prince_ribbit1, uniq_joseph
D:9:      gammafunk_cloud_chamber, layout_rooms,
          mainiacjoe_overflow_six_doors_small, grunt_decor_cap,
          nicolae_elevator_lobby_asterisk
D:10:     layout_loops_ring, mainiacjoe_overflow_concentric_impassable,
          lemuel_round_altar, tgw_sif, david_lair_generic
D:11:     layout_rooms, zombieorc2_lemuel, nicolae_trove_entry_crystal
D:12:     layout_layer_cave, st_stairs_9, minmay_shop_grid_forest,
          nicolae_uskayaw_suspiria
D:13:     layout_rooms, david_vaults_4
Lair:1:   layout_roguey, chequers_serial_rivers_micro_c,
          chequers_serial_rivers_large_a, tgw_fedhas
Lair:2:   layout_long_grid, spider_nest_entry_rubble,
          chequers_serial_rivers_micro_e
Lair:3:   layout_misc_corridors, beast_lair_carwin_1
Lair:4:   layout_regular_city, minmay_swamp_entry_reptiles, serial_bayou_pond_b,
          cheibrodos_lair_lostbears, serial_bayou_shore_b
Lair:5:   layout_regular_city, st_stairs_8, infiniplex_staircase_pool,
          grunt_megastairs_2, serial_bayou_shore_b
Lair:6:   hellmonk_lair_end_abyssal_woods, layout_hall_layers, slime_altar_1,
          basic_altar
Orc:1:    layout_caves, gammafunk_ghost_split
Orc:2:    st_orc_congregation, layout_caves, hellmonk_ghost_happy_afterlife

Skill      XL: |  1  2  3  4  5  6  7  8  9 10 11 12 13 14 |
---------------+-------------------------------------------+-----
Fighting       | 4 5 6 7 8 10 12 14 15 17 | 17.6
Axes           | 5 6 7 8 10 12 14 15 18 20 | 20.8
Dodging        | 2 3 |  3.3
Stealth        | 1 2 3 |  3.0
Armour         | 3 5 6 8 10 11 12 13 | 13.8
Shields        | 1 3 4 6 8 9 |  9.3

Action                   |  1- 3 |  4- 6 |  7- 9 | 10-12 | 13-15 || total
-------------------------+-------+-------+-------+-------+-------++-------
Melee: Hand axe          |    91 |   133 |   373 |   348 |       ||   945
       Punch             |     1 |       |       |       |       ||     1
       Battleaxe         |       |       |       |   351 |   606 ||   957
Invok: Berserk           |       |     5 |    10 |    23 |    17 ||    55
  Use: Scroll            |       |       |    13 |    19 |     4 ||    36
       Potion            |       |       |       |       |     1 ||     1
 Stab: Sleeping          |     2 |       |       |       |       ||     2
Armor: Animal skin       |    27 |    20 |       |       |       ||    47
       Plate armour      |       |    28 |   171 |   272 |   287 ||   758
Dodge: Dodged            |    64 |    85 |    78 |   208 |   327 ||   762
Block: Buckler           |       |       |    52 |    15 |       ||    67
       Kite shield       |       |       |       |    95 |       ||    95
       Other             |       |       |       |    51 |   104 ||   155
       Reflection        |       |       |       |     2 |     4 ||     6
